AoeStats
← 知耻而后勇喜笑颜开

Arabia

508379865Analyzed
1v1 RM · 10d ago on Sep 22, 2026· 84m 40s· 2 players
Game mode
Random Map
Map size
Tiny (2 player)
Population
200
Speed
Normal
Resources
Standard
Victory
Conquest
Starting age
Dark Age
Ending age
Imperial Age
RankedLock teamsTeams togetherTeam positionsShared explorationLock speedFull tech treeHidden civsTurbo modeCheats
Victory
Defeat
1365
+16
🇫🇷 Celts · France
1365
-16
AG99
7:34 Loom
10:01 Feudal Age
12:37 Man-at-Arms
16:33 Arson
23:30 Castle Age
22:28 Scale Mail Armor
23:34 Long Swordsman
23:35 Pikeman
32:55 Horse Collar
33:06 Double-Bit Axe
36:10 Fletching
45:30 Imperial Age
43:49 Bow Saw
44:27 Gold Mining
44:42 Heavy Plow
45:18 Wheelbarrow
44:29 Town Watch
45:19 Bodkin Arrow
45:17 Stronghold
48:46 Chemistry
49:34 Ballistics
51:31 Hand Cart
54:38 Chain Mail Armor
55:51 Plate Mail Armor
57:59 Conscription
58:23 Masonry
62:46 Halberdier
67:49 Light Cavalry
69:24 Town Patrol
70:29 Scale Barding Armor
70:35 Forging
72:36 Chain Barding Armor
73:21 Iron Casting
72:51 Husbandry
74:44 Hussar
知耻而后勇喜笑颜开
8:56 Feudal Age
9:01 Loom
9:23 Double-Bit Axe
10:51 Loom
11:52 Wheelbarrow
11:37 Horse Collar
17:47 Fletching
20:31 Forging
23:18 Castle Age
21:52 Scale Barding Armor
22:04 Padded Archer Armor
22:20 Gold Mining
23:51 Bloodlines
23:25 Light Cavalry
24:16 Bow Saw
24:07 Heavy Plow
24:48 Bloodlines
24:39 Husbandry
34:18 Fervor
34:14 Town Watch
37:23 Hand Cart
38:50 Bodkin Arrow
40:09 Treadmill Crane
42:09 Sanctity
49:45 Imperial Age
47:45 Ballistics
48:37 Ballistics
48:28 Masonry
48:58 Leather Archer Armor
48:58 Crossbowman
49:43 Thumb Ring
49:50 Arbalester
51:15 Bracer
52:26 Capped Ram
54:52 Ballistics
54:23 Guard Tower
55:27 Gold Shaft Mining
54:42 Stone Mining
56:08 Siege Ram
59:05 Ring Archer Armor
58:54 Hussar
62:26 Chemistry
63:03 Chain Barding Armor
63:18 Iron Casting
65:17 Hoardings
65:25 Siege Ram
72:53 Conscription
73:34 Plate Barding Armor
74:02 Keep
74:19 Heavy Camel Rider
76:37 Blast Furnace
75:13 Pikeman
75:54 Squires
76:00 Scale Mail Armor
79:29 Hoardings
Connection lost

Rejoining the realm…

Still unreachable

The connection could not be restored.

Session expired

The server has moved on; the page needs a fresh start.